 Dungeon Crawl Stone Soup version 0.28-a0-1286-g6bde065e89 (webtiles) character file.

Game seed: 17549551007900742171

1224 rogsnak the Conjurer (level 8, -6/54 HPs)
             Began as a Demonspawn Air Elementalist on Dec 25, 2021.
             Mangled by an ogre (10 damage)
             ... on level 6 of the Dungeon on Dec 26, 2021.
             The game lasted 00:21:14 (6766 turns).

rogsnak the Conjurer (Demonspawn Air Elementalist)  Turns: 6766, Time: 00:21:15

Health: -6/54      AC:  4    Str:  9      XL:     8   Next: 23%
Magic:  13/15      EV: 12    Int: 16      God:
Gold:   230        SH:  8    Dex: 13 (14) Spells: 5/16 levels left

rFire   . . .      SeeInvis +   k - +0 dagger (elec)
rCold   . . .      Faith    .   (no shield)
rNeg    . . .      Spirit   .   a - +0 robe
rPois   +          Reflect  .   l - +0 helmet
rElec   .          Harm     .   p - +0 cloak
rCorr   .          Rampage  .   (no gloves)
Will    +....                   (no boots)
Stlth   ++........              (no amulet)
HPRegen 0.18/turn               x - ring of poison resistance
MPRegen 0.14/turn               B - ring of see invisible

@: no status effects
A: sturdy frame 1, condensation shield, demonic magic 2, large bone plates 1,
deterioration 1, dopey 1, strong-willed 1
a: no special abilities


You were on level 6 of the Dungeon.
You visited 2 branches of the dungeon, and saw 7 of its levels.

You collected 230 gold pieces.

Inventory:

Hand Weapons
 c - a +0 dagger
 h - a +0 spear
 k - a +0 dagger of electrocution (weapon)
 s - a +4 dagger
Missiles
 b - 4 boomerangs
 i - 23 poisoned darts
Armour
 a - a +0 robe (worn)
 l - a +0 helmet (worn)
 p - a +0 cloak (worn)
Magical Staves
 u - a staff of earth
Jewellery
 x - a ring of poison resistance (left hand)
 B - a ring of see invisible (right hand)
Scrolls
 d - 2 scrolls of fog {unknown}
 f - 2 scrolls of identify {unknown}
 j - 2 scrolls of vulnerability {unknown}
 m - a scroll of enchant weapon {unknown}
 n - 2 scrolls of noise {unknown}
 q - a scroll of fear {unknown}
 t - 2 scrolls of enchant armour {unknown}
 v - a scroll of torment {unknown}
 y - a scroll of teleportation {unknown}
Potions
 e - 4 potions of attraction {unknown}
 g - a potion of brilliance {unknown}
 o - 2 potions of ambrosia {unknown}
 r - a potion of flight {unknown}
 z - a potion of curing {unknown}
 A - a potion of lignification {unknown}


   Skills:
 + Level 1.0 Fighting
 + Level 2.6 Dodging
 - Level 1.7 Stealth
 + Level 0.7 Shields
 + Level 4.9 Spellcasting
 * Level 6.5 Conjurations
 + Level 4.9 Air Magic


You had 5 spell levels left.
You knew the following spells:

 Your Spells              Type           Power      Damage    Failure   Level
a - Shock                 Conj/Air       88%        1d8       1%          1
b - Swiftness             Air            19%        N/A       6%          3
c - Airstrike             Air            9%         N/A       21%         4
d - Mephitic Cloud        Conj/Pois/Air  16%        N/A       10%         3

Your spell library contained the following spells:

 Spells                   Type           Power      Damage    Failure   Level
 Magic Dart               Conj           96%        1d7       1%          1
 Static Discharge         Conj/Air       22%        N/A       2%          2
 Foxfire                  Conj/Fire      56%        2x1d6     4%          1
 Conjure Flame            Conj/Fire      14%        6-21      12%         3
 Dazzling Flash           Conj/Hex       28%        N/A       12%         3
 Freeze                   Ice            12%        1d4       16%         1
 Call Imp                 Summ           3%         N/A       24%         2
 Flame Wave               Conj/Fire      14%        2d5       36%         4
 Hailstorm                Conj/Ice       14%        3d5       36%         4
 Iskenderun's Mystic Bla  Conj/Tloc      14%        2d5       36%         4
 Frozen Ramparts          Ice            6%         1d2       43%         3
 Inner Flame              Hex/Fire       3%         N/A       43%         3
 Summon Lightning Spire   Summ/Air       11%        N/A       50%         4
 Animate Dead             Necr           1%         N/A       83%         4
 Starburst                Conj/Fire      7%         6d4       99%         6
 Haunt                    Necr/Summ      1%         N/A       100%        7
 Malign Gateway           Summ/Tloc      1%         N/A       100%        7
 Infestation              Necr           1%         N/A       100%        8


Dungeon Overview and Level Annotations

Branches:
Dungeon (6/15)             Temple (1/1) D:5

Altars:
Ashenzari
Cheibriados
Elyvilon
Hepliaklqana
Kikubaaqudgha
Nemelex Xobeh
Okawaru
Qazlal
Ru
Trog
Uskayaw
Vehumet
Wu Jian
Zin

Shops:
D:5 [


Innate Abilities, Weirdness & Mutations

Your movements are slightly less encumbered by armour. (ER -2)
A meltable shield of frost defends you. (SH +4)
Spells you cast may paralyse nearby enemies.
You are partially covered in large bone plates. (SH +4)
Your body sometimes deteriorates upon taking damage.
You are dopey. (Int -2)
You are strong-willed. (Will+)


Message History

The phantom is moderately damaged.
Malevolent energies surge around you.
Casting: Shock (safe; 1% risk of failure)
Confirm with . or Enter, or press ? or * to list all spells.
Aiming: Shock (safe; 1% risk of failure)
Press: ? - help, Shift-Dir - straight line The zap hits the phantom.
The phantom is moderately damaged.
Malevolent energies surge around you. The phantom hits you!
Unknown command.
You closely miss the phantom.
The phantom is moderately damaged.
The phantom hits you.
The phantom blinks!
You blink.
An ogre comes into view. It is wielding a +0 giant spiked club.
Found a stone staircase leading up.
The ogre shouts!
You closely miss the phantom.
The phantom is moderately damaged.
The phantom hits you but does no damage.
You hit the phantom but do no damage. Lightning courses through the phantom!!
The phantom is almost destroyed.
You block the phantom's attack.
You closely miss the phantom.
The phantom is almost destroyed.
The ogre hits you with a +0 giant spiked club!!
Ouch! That really hurt!
* * * LOW HITPOINT WARNING * * *
The phantom hits you.
* * * LOW HITPOINT WARNING * * *
Your body deteriorates!
You feel clumsy.
The phantom blinks!
You blink.
The phantom hits you but does no damage.
You closely miss the phantom.
The phantom is almost destroyed.
The phantom hits you.
* * * LOW HITPOINT WARNING * * *
You hit the phantom but do no damage. Lightning courses through the phantom!
You destroy the phantom!
The ogre hits you with a +0 giant spiked club!
You die...

##### ##...##
######.....#
.........<.##### ##
#.....#...# #.
##.@......# #. .####
##O.##...# #.
......##..###.### #.
................########.
#.....##..###............
#.### #..# ###)...>.....
#..# #.######### #..# #.#
# ...< ... #


You could see an ogre.

Vanquished Creatures
  Sigmund (D:4)
  2 necrophages
  An ogre (D:4)
  3 phantoms
  2 hounds (D:5)
  A bullfrog zombie (D:6)
  4 jellies
  A centaur skeleton (D:5)
  3 iguanas
  2 orc wizards
  A hound skeleton (D:4)
  7 adders
  8 gnolls (D:3)
  A white imp (D:6)
  An ufetubus (D:4)
  An adder skeleton (D:4)
  A worm (D:4)
  5 dart slugs
  24 orcs
  7 bats
  8 endoplasms
  2 giant cockroaches
  8 goblins
  6 hobgoblins
  5 jackals (D:4)
  12 kobolds
  7 quokkas
  4 ball pythons
  4 frilled lizards (D:1)
  8 rats
  A rat zombie (D:4)
141 creatures vanquished.

Vanquished Creatures (others)
  2 plants (D:5)
2 creatures vanquished.

Grand Total: 143 creatures vanquished

Notes
Turn   | Place    | Note
-------+----------+-------------------------------------------
     0 | D:1      | rogsnak the Demonspawn Air Elementalist began the quest for
                  | the Orb.
     0 | D:1      | Reached XP level 1. HP: 13/13 MP: 3/3
   304 | D:1      | Gained mutation: A meltable shield of frost defends you.
                  | (SH +4) [demonic ancestry]
   304 | D:1      | Reached XP level 2. HP: 19/19 MP: 1/5
   463 | D:1      | Found a faded altar of an unknown god.
   956 | D:2      | Gained mutation: Your movements are slightly less
                  | encumbered by armour. (ER -2) [demonic ancestry]
   956 | D:2      | Reached XP level 3. HP: 24/24 MP: 2/6
  1348 | D:2      | HP: 1/24 [kobold (1)]
  2026 | D:3      | Gained mutation: Spells you cast may paralyse adjacent
                  | enemies. [demonic ancestry]
  2026 | D:3      | Reached XP level 4. HP: 3/30 MP: 2/8
  2329 | D:3      | Reached skill level 2 in Conjurations
  2691 | D:3      | Reached XP level 5. HP: 22/35 MP: 1/9
  2934 | D:3      | Reached skill level 3 in Conjurations
  3278 | D:3      | Found a sparkling altar of Nemelex Xobeh.
  3566 | D:3      | Noticed a necrophage
  3588 | D:3      | Killed a necrophage
  3589 | D:3      | Reached XP level 6. HP: 36/41 MP: 2/10
  3919 | D:4      | Reached skill level 4 in Conjurations
  4218 | D:4      | Learned a level 3 spell: Swiftness
  4223 | D:4      | Learned a level 4 spell: Airstrike
  4227 | D:4      | Learned a level 3 spell: Mephitic Cloud
  4572 | D:4      | Noticed Sigmund
  4617 | D:4      | Reached skill level 5 in Conjurations
  4669 | D:4      | Reached XP level 7. HP: 46/46 MP: 10/12
  4723 | D:4      | Found an ancient bone altar of Kikubaaqudgha.
  4754 | D:4      | Found a hide-covered altar of Uskayaw.
  4906 | D:4      | Killed Sigmund
  5070 | D:4      | Got Ylohivosh's Handbook of Quantum Summoning
  5303 | D:5      | Entered Level 5 of the Dungeon
  5356 | D:5      | Found an ornate altar of the Wu Jian Council.
  5749 | D:5      | Reached skill level 6 in Conjurations
  5877 | D:5      | Found a staircase to the Ecumenical Temple.
  5887 | Temple   | Entered the Ecumenical Temple
  6065 | D:5      | Found Omomu's Armour Shop.
  6182 | D:5      | Gained mutation: Spells you cast may paralyse nearby
                  | enemies. [demonic ancestry]
  6182 | D:5      | Reached XP level 8. HP: 53/53 MP: 9/15
  6353 | D:6      | Found a radiant altar of Vehumet.
  6486 | D:6      | Upgraded the game from 0.28-a0-1236-gb25a51b929 to
                  | 0.28-a0-1286-g6bde065e89
  6632 | D:6      | Reached skill level 1 in Fighting
  6744 | D:6      | Gained mutation: You sometimes lose the ability to read
                  | scrolls when taking damage. [potion of mutation]
  6744 | D:6      | Gained mutation: You are strong-willed. (Will+) [potion of
                  | mutation]
  6745 | D:6      | Lost mutation: You sometimes lose the ability to read
                  | scrolls when taking damage. [potion of mutation]
  6745 | D:6      | Gained mutation: Your body sometimes deteriorates upon
                  | taking damage. [potion of mutation]
  6745 | D:6      | Gained mutation: You are dopey. (Int -2) [potion of
                  | mutation]
  6745 | D:6      | Gained mutation: You are partially covered in large bone
                  | plates. (SH +4) [potion of mutation]
  6766 | D:6      | Mangled by an ogre

Illustrated notes

Levels and vault maps discovered:
D:1:      saegor_arrival_miasma, layout_rooms, hellmonk_ecumenical_altar_zigzags
D:2:      layout_rooms
D:3:      layout_basic, mainiacjoe_overflow_cross_hatched,
          chequers_serial_rivers_micro_b
D:4:      minmay_razor_zed, layout_gridville, lemuel_zombie_altar_kikubaaqudgha,
          nicolae_uskayaw_suspiria, enter_ossuary_1, minmay_misc_feat_rows,
          uniq_sigmund
D:5:      layout_loops_ring, old_standard_altar,
          minmay_temple_entry_gardened_gates, serial_shops, shop_fountains
D:6:      layout_loops_ring, lightli_temple_of_fire, mainiacjoe_overflow_paths
Temple:   nicolae_temple_figure_zero

Skill      XL: |  1  2  3  4  5  6  7  8 |
---------------+-------------------------+-----
Air Magic      | 3 4 |  4.9
Dodging        | 2 |  2.6
Spellcasting   | 3 4 |  4.9
Conjurations   | 2 3 5 6 |  6.5
Fighting       | 1 |  1.0
Stealth        | |  1.7
Shields        | |  0.7

Action                   |  1- 3 |  4- 6 |  7- 9 || total
-------------------------+-------+-------+-------++-------
Melee: Dagger            |     9 |    39 |    48 ||    96
       Spear             |    14 |       |       ||    14
 Cast: Shock             |    79 |   129 |    88 ||   296
       Mephitic Cloud    |       |       |     1 ||     1
  Use: Potion            |       |       |     2 ||     2
 Stab: Paralysed         |       |     5 |       ||     5
       Sleeping          |       |       |     1 ||     1
Armor: Robe              |     7 |     7 |    14 ||    28
Dodge: Dodged            |    19 |    31 |    25 ||    75
Block: Other             |     4 |    10 |     9 ||    23

Table legend: (Time is in decaauts)
 A = Elapsed time spent in this place.
 B = Non-inter-level travel time spent in this place.
 C = Inter-level travel time spent in this place.
 D = Time resting spent in this place.
 E = Time spent auto-exploring this place.
 F = Levels seen in this place.
 G = Mean time per level.
                   A        B        C        D        E       F      G
               +--------+--------+--------+--------+--------+-----+--------+
         Total |   6764 |   6655 |    109 |   1959 |   3577 |   7 |  966.3 |
       Dungeon |   6641 |   6532 |    109 |   1959 |   3464 |   6 | 1106.8 |
        Temple |    123 |    123 |      0 |      0 |    113 |   1 |  123.0 |
               +--------+--------+--------+--------+--------+-----+--------+

Top non-repeatable levels by time:
     D:3: 1884 daAuts
     D:4: 1407 daAuts
     D:1: 1165 daAuts
     D:5: 878 daAuts
     D:2: 845 daAuts
     D:6: 459 daAuts
  Temple: 123 daAuts
